 Dungeon Crawl Stone Soup version 0.26.1-2-gb8aa6d0cf2 (webtiles) character file.

Game seed: 6873449112722669641

94 xaffu the Chopper (level 4, 0/39 HPs)
             Began as a Minotaur Fighter on Mar 15, 2021.
             Slain by Sigmund
             ... wielding a +0 scythe
              (1 damage)
             ... on level 2 of the Dungeon.
             The game lasted 00:03:03 (1816 turns).

xaffu the Chopper (Minotaur Fighter)                Turns: 1816, Time: 00:03:03

Health: 0/39       AC:  6    Str: 21    XL:     4   Next: 38%
Magic:  0/3        EV:  7    Int:  5    God:
Gold:   72         SH:  0    Dex: 10    Spells: 3/3 levels left

rFire    . . .     SeeInvis .   a - +0 war axe
rCold    . . .     Faith    .   c - +0 kite shield
rNeg     . . .     Spirit   +   b - +0 scale mail
rPois    .         Reflect  .   (helmet restricted)
rElec    .         Harm     .   (no cloak)
rCorr    .         Rampage  .   (no gloves)
Will     .....                  (no boots)
Stlth    ..........             i - amulet of guardian spirit
HPRegen  0.13/turn              (no ring)
MPRegen  0.08/turn              (no ring)

@: confused
A: retaliatory headbutt, horns 2
a: no special abilities


You were on level 2 of the Dungeon.
You visited 1 branch of the dungeon, and saw 2 of its levels.

You collected 72 gold pieces.

Inventory:

Hand Weapons
 a - a +0 war axe (weapon)
Missiles
 m - 2 boomerangs (quivered)
Armour
 b - a +0 scale mail (worn)
 c - a +0 kite shield (worn)
Jewellery
 i - an amulet of guardian spirit (around neck)
Scrolls
 e - 2 scrolls of identify {unknown}
 f - 2 scrolls of magic mapping {unknown}
 h - a scroll of teleportation {unknown}
 k - 2 scrolls of remove curse {unknown}
Potions
 d - a potion of might
 g - a potion of mutation {unknown}
 j - a potion of lignification {unknown}
 l - a potion of attraction {unknown}


   Skills:
 - Level 3.6 Fighting
 * Level 5.7 Axes
 - Level 3.6 Armour
 - Level 3.6 Shields


You had 3 spell levels left.
You didn't know any spells.
Your spell library was empty.

Dungeon Overview and Level Annotations

Branches:
Dungeon (2/15)

Altars:
Zin

Annotations:
D:2 Sigmund


Innate Abilities, Weirdness & Mutations

You reflexively headbutt those who attack you in melee.
You have a pair of horns on your head.


Message History

Something hits you but does no damage.
You miss something. You closely miss something. Something hits you.
You hear some strange, mumbled words.
You are more confused.
Something hits you.
* * * LOW HITPOINT WARNING * * *
You completely miss something. Your headbutt misses something.
You hear some strange, mumbled words.
A magic dart appears from out of thin air!
The magic dart hits you!
* * * LOW HITPOINT WARNING * * *
You hear some strange, mumbled words.
A magic dart appears from out of thin air!
The magic dart hits you.
* * * LOW HITPOINT WARNING * * *
You miss something. Something hits you.
* * * LOW HITPOINT WARNING * * *
Something hits you.
You die...

.....#
#.......รท......
.....#
#......#.......
######
########.......
#.......
#......)
###############
##......
..............#
#......
..............#
#......
.........@.[..#
##+####
..............#
#..# #
.........{....#
##.###
######........#
#####....
#........#
#....#.#. ##
#####........#
#........ .#
#............#
#....##.. .#
#......#'#####
#....#... .#
#......#.####
#........


There were no monsters in sight!

Vanquished Creatures
  Terence (D:2)
  3 adders (D:2)
  A worm (D:2)
  2 giant cockroaches (D:2)
  6 goblins
  8 hobgoblins
  3 kobolds
  A quokka (D:2)
  4 bats
  4 frilled lizards (D:1)
  7 rats
40 creatures vanquished.

Notes
Turn   | Place    | Note
-------+----------+-------------------------------------------
     0 | D:1      | xaffu the Minotaur Fighter began the quest for the Orb.
     0 | D:1      | Reached XP level 1. HP: 19/19 MP: 0/0
    87 | D:1      | Reached skill level 3 in Axes
   153 | D:1      | Reached XP level 2. HP: 26/26 MP: 1/1
   835 | D:1      | Reached skill level 4 in Axes
  1163 | D:2      | Reached XP level 3. HP: 31/31 MP: 2/2
  1187 | D:2      | Found a glowing silver altar of Zin.
  1550 | D:2      | Noticed Terence
  1568 | D:2      | Killed Terence
  1569 | D:2      | Reached skill level 5 in Axes
  1569 | D:2      | Reached XP level 4. HP: 30/39 MP: 1/3
  1783 | D:2      | Noticed Sigmund
  1815 | D:2      | HP: 1/39 [something (1)]
  1816 | D:2      | Slain by Sigmund

Illustrated notes

Levels and vault maps discovered:
D:1:      scummos_arrival_gate, layout_basic,
          hangedman_abyss_or_decor_lesser_grid
D:2:      layout_basic, lemuel_round_altar, uniq_terence, uniq_sigmund

Skill      XL: |  1  2  3 |
---------------+----------+-----
Axes           | 3 4 5 |  5.7
Fighting       | |  3.6
Armour         | |  3.6
Shields        | |  3.6

Action                   |  1- 3 |  4- 6 || total
-------------------------+-------+-------++-------
Melee: War axe           |    71 |    30 ||   101
       Headbutt          |     7 |     3 ||    10
Armor: Scale mail        |    21 |     9 ||    30
Dodge: Dodged            |    13 |     8 ||    21
Block: Kite shield       |    24 |     8 ||    32
